 Dungeon Crawl Stone Soup version 0.28-a0-852-gbbce81c95b (webtiles) character file.

Game seed: 8038672929454579338

133 Gargoyl the Skirmisher (level 5, -2/47 HPs)
             Began as a Gnoll Abyssal Knight on Nov 15, 2021.
             Was a Follower of Lugonu.
             Slain by a shadow demon (19 damage)
             ... on level 2 of the Abyss.
             The game lasted 00:00:34 (80 turns).

Gargoyl the Skirmisher (Gnoll Abyssal Knight)         Turns: 80, Time: 00:00:35

Health: -2/47      AC:  3    Str: 13    XL:     5   Next: 16%
Magic:  8/8        EV: 12    Int:  9    God:    Lugonu [*.....]
Gold:   0          SH:  0    Dex: 13    Spells: 6/6 levels left

rFire   . . .      SeeInvis .   a - +1 hand axe
rCold   . . .      Faith    .   (no shield)
rNeg    . . .      Spirit   .   b - +0 leather armour
rPois   +          Reflect  .   (no helmet)
rElec   .          Harm     .   (no cloak)
rCorr   .          Rampage  .   (no gloves)
Will    .....                   (no boots)
Stlth   +.........              (no amulet)
HPRegen 0.15/turn               (no ring)
MPRegen 0.11/turn               (no ring)

@: confused
A: fangs 1, strong nose, distributed training, poison resistance, [subdued magic
2]
a: Renounce Religion, Depart the Abyss


You were on level 2 of the Abyss.
You worshipped Lugonu.
Lugonu was aware of your devotion.
You visited 0 branches of the dungeon, and saw 0 of its levels.
You visited the Abyss 1 time.

Inventory:

Hand Weapons
 a - a +1 hand axe (weapon)
Armour
 b - a +0 leather armour (worn)
Wands
 d - a wand of mindburst (14)


   Skills:
 + Level 6.6 Fighting
 + Level 1.4 Short Blades
 + Level 1.4 Long Blades
 + Level 4.7 Axes
 + Level 1.4 Maces & Flails
 + Level 1.4 Polearms
 + Level 1.4 Staves
 + Level 1.4 Slings
 + Level 1.4 Bows
 + Level 1.4 Crossbows
 + Level 1.4 Throwing
 + Level 4.7 Armour
 + Level 2.9 Dodging
 + Level 1.4 Stealth
 + Level 1.4 Shields
 + Level 1.4 Unarmed Combat
 + Level 1.4 Spellcasting
 + Level 1.1 Conjurations
 + Level 1.1 Hexes
 + Level 1.1 Summonings
 + Level 1.1 Necromancy
 + Level 1.1 Translocations
 + Level 1.1 Transmutations
 + Level 1.1 Fire Magic
 + Level 1.1 Ice Magic
 + Level 1.1 Air Magic
 + Level 1.1 Earth Magic
 + Level 1.1 Poison Magic
 + Level 4.8 Invocations
 + Level 1.4 Evocations


You had 6 spell levels left.
You didn't know any spells.
Your spell library was empty.

Dungeon Overview and Level Annotations

Branches:
Dungeon (0/15)

Altars:


Innate Abilities, Weirdness & Mutations

You have very sharp teeth.
Your uncanny sense of smell can sniff out nearby items.
Your experience applies equally to all skills.
Your system is resistant to poisons. (rPois)
[Your spells are easier to cast, but less powerful.]


Message History

You hit the golden eye. The golden eye blinks at you.
You resist with some effort.
The golden eye blinks!
The golden eye blinks at you.
You are more confused.
The shadow demon gestures.
The neqoxec gestures at you.
Something tries to feed on your intellect!
You barely miss the golden eye.
You hit the golden eye but do no damage.
The neqoxec dissolves into shadows!
The golden eye blinks at you.
You are more confused.
The golden eye blinks at you. x2
The wretched star pulses with an eldritch light!
Your connection to magic feels subdued.
Your connection to magic feels more subdued.
A daeva comes into view.
It is wielding a +4 scimitar of holy wrath.
Unknown command.
You enter the shallow water.
Moving in this stuff is going to be slow.
The golden eye turns its gaze towards you.
The daeva shouts!
The thrashing horror closely misses you.
The thrashing horror tramples you but does no damage.
The golden eye blinks at you. You resist with some effort.
The golden eye blinks at you.
You are more confused.
The golden eye blinks at you.
The golden eye blinks!
The thrashing horror tramples you.
You hold your ground!
The thrashing horror tramples you.
You are shoved backwards!
The golden eye blinks at you.
Unknown command.
You hit the shadow demon but do no damage.
You barely miss the thrashing horror. The thrashing horror misses you.
The thrashing horror tramples you.
You hold your ground!
The golden eye blinks at you.
You are more confused.
The shadow demon hits you!!
You die...

## ...#..... ..
... ...#.#.#....
#.... #
#.#..#.....#
....
#............ .
. ###..4........
...[ #......
....... ...
.#G3#.. ..# . .
###2X##...###...
#@≈GG..A..# ..
.# #.G.........
.....
##........... ..
#........§.. .
.! #........§
..#. #........#
##.#..##..
...#.. .#


You could see a daeva, a shadow demon, a thrashing horror (summoned), a ynoxinul
(summoned), a chaos spawn (summoned) and 4 golden eyes.

Vanquished Creatures
  A golden eye (Abyss:2)
1 creature vanquished.

Vanquished Creatures (others)
  2 starspawn tentacles (Abyss:1)
2 creatures vanquished.

Grand Total: 3 creatures vanquished

Notes
Turn   | Place    | Note
-------+----------+-------------------------------------------
     0 | Abyss:1  | Gargoyl the Gnoll Abyssal Knight began the quest for the
                  | Orb.
     0 | Abyss:1  | Reached XP level 1. HP: 23/23 MP: 3/3
    14 | Abyss:1  | Found a corrupted altar of Lugonu.
    38 | Abyss:1  | Noticed a starcursed mass
    41 | Abyss:1  | Noticed a tentacled starspawn
    60 | Abyss:2  | Noticed a golden eye
    60 | Abyss:2  | Noticed a golden eye
    60 | Abyss:2  | Noticed a golden eye
    60 | Abyss:2  | Noticed a golden eye
    65 | Abyss:2  | Noticed a golden eye
    71 | Abyss:2  | Noticed a shadow demon
    74 | Abyss:2  | Noticed a chaos spawn
    74 | Abyss:2  | Killed a golden eye
    74 | Abyss:2  | Noticed a neqoxec
    75 | Abyss:2  | Reached skill level 1 in Short Blades
    75 | Abyss:2  | Reached skill level 1 in Long Blades
    75 | Abyss:2  | Reached skill level 1 in Maces & Flails
    75 | Abyss:2  | Reached skill level 1 in Polearms
    75 | Abyss:2  | Reached skill level 1 in Staves
    75 | Abyss:2  | Reached skill level 1 in Slings
    75 | Abyss:2  | Reached skill level 1 in Bows
    75 | Abyss:2  | Reached skill level 1 in Crossbows
    75 | Abyss:2  | Reached skill level 1 in Throwing
    75 | Abyss:2  | Reached skill level 1 in Stealth
    75 | Abyss:2  | Reached skill level 1 in Shields
    75 | Abyss:2  | Reached skill level 1 in Unarmed Combat
    75 | Abyss:2  | Reached skill level 1 in Spellcasting
    75 | Abyss:2  | Reached skill level 1 in Conjurations
    75 | Abyss:2  | Reached skill level 1 in Hexes
    75 | Abyss:2  | Reached skill level 1 in Summonings
    75 | Abyss:2  | Reached skill level 1 in Necromancy
    75 | Abyss:2  | Reached skill level 1 in Translocations
    75 | Abyss:2  | Reached skill level 1 in Transmutations
    75 | Abyss:2  | Reached skill level 1 in Fire Magic
    75 | Abyss:2  | Reached skill level 1 in Ice Magic
    75 | Abyss:2  | Reached skill level 1 in Air Magic
    75 | Abyss:2  | Reached skill level 1 in Earth Magic
    75 | Abyss:2  | Reached skill level 1 in Poison Magic
    75 | Abyss:2  | Reached skill level 1 in Evocations
    75 | Abyss:2  | Reached XP level 2. HP: 14/29 MP: 5/5
    75 | Abyss:2  | Reached XP level 3. HP: 17/35 MP: 6/6
    75 | Abyss:2  | Reached XP level 4. HP: 20/41 MP: 7/7
    75 | Abyss:2  | Reached XP level 5. HP: 23/47 MP: 8/8
    75 | Abyss:2  | Gained mutation: Your system is resistant to poisons.
                  | (rPois) [potion of mutation]
    78 | Abyss:2  | Noticed a thrashing horror
    78 | Abyss:2  | Noticed a wretched star
    78 | Abyss:2  | Noticed a ynoxinul
    78 | Abyss:2  | Noticed a daeva
    80 | Abyss:2  | Slain by a shadow demon

Illustrated notes

Levels and vault maps discovered:
Abyss:2:  base:
Temple

Skill      XL: |  1 |
---------------+----+-----
Short Blades   | 1 |  1.4
Long Blades    | 1 |  1.4
Maces & Flails | 1 |  1.4
Polearms       | 1 |  1.4
Staves         | 1 |  1.4
Slings         | 1 |  1.4
Bows           | 1 |  1.4
Crossbows      | 1 |  1.4
Throwing       | 1 |  1.4
Stealth        | 1 |  1.4
Shields        | 1 |  1.4
Unarmed Combat | 1 |  1.4
Spellcasting   | 1 |  1.4
Conjurations   | 1 |  1.1
Hexes          | 1 |  1.1
Summonings     | 1 |  1.1
Necromancy     | 1 |  1.1
Translocations | 1 |  1.1
Transmutations | 1 |  1.1
Fire Magic     | 1 |  1.1
Ice Magic      | 1 |  1.1
Air Magic      | 1 |  1.1
Earth Magic    | 1 |  1.1
Poison Magic   | 1 |  1.1
Evocations     | 1 |  1.4
Fighting       | |  6.6
Axes           | |  4.7
Armour         | |  4.7
Dodging        | |  2.9
Invocations    | |  4.8

Action                   |  1- 3 |  4- 6 || total
-------------------------+-------+-------++-------
Melee: Hand axe          |     5 |     3 ||     8
  Use: Potion            |       |     1 ||     1
Armor: Leather armour    |       |     1 ||     1
Dodge: Dodged            |       |     2 ||     2

Table legend: (Time is in decaauts)
 A = Elapsed time spent in this place.
 B = Non-inter-level travel time spent in this place.
 C = Inter-level travel time spent in this place.
 D = Time resting spent in this place.
 E = Time spent auto-exploring this place.
 F = Levels seen in this place.
 G = Mean time per level.
                   A        B        C        D        E       F      G
               +--------+--------+--------+--------+--------+-----+--------+
         Total |     81 |     81 |      0 |      0 |     35 |   2 |   40.5 |
         Abyss |     81 |     81 |      0 |      0 |     35 |   2 |   40.5 |
               +--------+--------+--------+--------+--------+-----+--------+

Top non-repeatable levels by time:
 Abyss:1: 50 daAuts
 Abyss:2: 30 daAuts
